 Dungeon Crawl Stone Soup version 0.26-b1-45-g23770d1d51 (webtiles) character file.

Game seed: 5705635877974935164

6761 Mattiprrivan the Cleaver (level 10, -23/88 HPs)
             Began as a Deep Dwarf Chaos Knight on Jan 6, 2021.
             Was a Plaything of Xom.
             Killed from afar by an ice dragon (75 damage)
             ... with a blast of cold
             ... on level 9 of the Dungeon.
             The game lasted 01:38:52 (6340 turns).

Mattiprrivan the Cleaver (Deep Dwarf Chaos Knight)  Turns: 6340, Time: 01:38:58

Health: -23/88     AC: 14    Str: 17    XL:     10   Next: 75%
Magic:  2/2        EV: 15    Int: 15    God:    Xom [..*...]
Gold:   1760       SH:  7    Dex: 20    Spells: 9/9 levels left

rFire    + . .     SeeInvis +   a - +2 hand axe (chaos)
rCold    x . .     Faith    .   g - +1 buckler
rNeg     . . .     Spirit   .   v - +2 leather armour of Resourcefulness {Int+4 Dex+6 SInv}
rPois    .         Reflect  .   e - +0 helmet
rElec    .         Harm     .   x - +2 cloak
rCorr    .         Rampage  .   c - +0 pair of gloves
Will     ++...                  k - +0 pair of boots
Stlth    ++++......             (no amulet)
HPRegen  0.00/turn              p - ring of fire
MPRegen  0.08/turn              w - ring of willpower

@: non-regenerating
A: damage resistance, heal wounds, iridescent scales 1, dopey 1, high mp 1,
sense surroundings 2, no regeneration
a: Heal Wounds, Renounce Religion


You were on level 9 of the Dungeon.
You worshipped Xom.
You were a toy of Xom.
You visited 1 branch of the dungeon, and saw 9 of its levels.
You also visited: Sewer.

You collected 1760 gold pieces.

Inventory:

Hand Weapons
 a - a +2 hand axe of chaos (weapon)
 d - a +1 whip of venom
 j - a +1 war axe of flaming
 u - a +4 quarterstaff of chaos
Missiles
 f - 8 poisoned darts (quivered)
 m - a boomerang
 y - 4 boomerangs of dispersal
Armour
 c - a +0 pair of gloves (worn)
 e - a +0 helmet (worn)
 g - a +1 buckler (worn)
 k - a +0 pair of boots (worn)
 o - a +2 leather armour of fire resistance
 v - the +2 leather armour of Resourcefulness (worn) {Int+4 Dex+6 SInv}
   (You found it on level 9 of the Dungeon)

   It affects your intelligence (+4).
   It affects your dexterity (+6).
   It lets you see invisible.
 x - a +2 cloak (worn)
 z - +0 swamp dragon scales
 A - the +1 chain mail of the Jackalope {+Blink rN++ Int+4 Dex-3}
   (You found it on level 7 of the Dungeon)

   It affects your intelligence (+4).
   It affects your dexterity (-3).
   It greatly protects you from negative energy.
   It lets you blink.
Jewellery
 p - a ring of fire (left hand)
 w - a ring of willpower (right hand)
Wands
 q - a wand of iceblast (7)
 t - a wand of paralysis (2)
Scrolls
 b - a scroll of fog
 i - 2 scrolls of remove curse
 l - 2 scrolls of blinking
 n - 4 scrolls of teleportation
Potions
 h - 3 potions of curing
 r - a potion of heal wounds
 s - a potion of magic


   Skills:
 * Level 5.1 Fighting
 * Level 9.2(10.3) Axes
 * Level 4.7(7.2) Maces & Flails
 * Level 4.0(6.3) Polearms
 * Level 4.1 Throwing
 * Level 5.6 Armour
 * Level 4.8 Dodging
 * Level 8.0 Stealth
 * Level 4.6 Shields
 * Level 5.6 Evocations


You had 9 spell levels left.
You didn't know any spells.
Your spell library was empty.

Dungeon Overview and Level Annotations

Branches:
Dungeon (9/15)             Temple (0/1) D:5           Sewer (visited)
   Lair: D:8-11         Orc: D:9-12

Altars:
Elyvilon
Gozag
Hepliaklqana
Xom
Yredelemnul

Annotations:
D:9 1 runed translucent door


Innate Abilities, Weirdness & Mutations

You are resistant to damage.
You can heal yourself by infusing magical energy.
You passively map the area around you.
You do not regenerate.
You are partially covered in iridescent scales. (AC +2)
You are dopey. (Int -2)
You have an increased reservoir of magic. (+10% MP)


Message History

The ice dragon barely misses you. The ice dragon completely misses you.
You hit the ice dragon.
Lightning courses through the ice dragon!!
The ice dragon is moderately wounded.
You closely miss the ice dragon. The ice dragon breathes frost at you.
The blast of cold misses you.
You slash the ice dragon!
The ice dragon is moderately wounded.
You barely miss the ice dragon.
The ice dragon bites you but does no damage.
The ice dragon claws you but does no damage.
The ice dragon tramples you!
You stumble backwards!
The ice dragon breathes frost at you.
The blast of cold hits the ice dragon.
The ice dragon resists.
The blast of cold hits you!!!!
You feel a terrible chill!
Xom roars with laughter!
Ouch! That really hurt!
You die...
Xom roars with laughter!

#.....####....####....#.....#####
#........+....#...[...#..........
#.#...####....#)...####.....#####
#.##>#### ...#.⌠..#§§#......#
........# ..#....#§≈#.......#
#.#####.# #.####D####)......# #
#.# #....DD.o.).......# #)#
##.##D#.#.##.....## #.#
#..@.#.........## #.#
##.##########.### #.#
##...#.........* #.#
#......######## #.#####...#.#
#.....##.##.# #####.##†##.#
#..†....# ####.####


You could see 2 fire dragons and 2 ice dragons.

Vanquished Creatures
  A two-headed ogre (D:8)
  Erica (D:8)
  A cyclops (D:7)
  Psyche (D:8)
  Maggie (D:7)
  5 yaks (D:9)
  A steam dragon (D:8)
  Menkaure (D:5)
  An ice beast (D:5)
  2 phantoms
  An orc warrior (D:9)
  4 sky beasts
  5 centaurs
  4 bullfrogs
  3 big kobolds
  Blork the orc (D:4)
  4 killer bees (D:9)
  2 howler monkeys
  2 jellies (D:8)
  A bullfrog zombie (D:9)
  5 hounds
  Crazy Yiuf (D:6)
  A centaur skeleton (D:4)
  3 orc priests
  5 orc wizards
  3 bullfrog skeletons
  An iguana (D:8)
  5 worker ants
  2 hound skeletons (D:4)
  2 howler monkey zombies (D:4)
  8 adders
  9 gnolls
  A shadow imp (D:6)
  3 white imps
  4 oozes
  3 adder zombies
  5 worms (Sewer)
  A dart slug (D:1)
  6 leopard geckos
  21 orcs
  8 bats
  9 giant cockroaches
  8 goblins
  8 hobgoblins
  14 jackals
  11 kobolds
  5 quokkas
  4 ball pythons (Sewer)
  4 frilled lizards
  A jackal skeleton (D:5)
  2 jackal zombies
  A leopard gecko skeleton (D:4)
  A quokka skeleton (D:4)
  7 rats
214 creatures vanquished.

Vanquished Creatures (collateral kills)
  Harold (D:7)
  A howler monkey (D:4)
  3 orc priests
  5 orcs
  A quokka (D:3)
  A bat (D:3)
  A rat (D:3)
13 creatures vanquished.

Vanquished Creatures (others)
  2 withered plants (D:4)
2 creatures vanquished.

Grand Total: 229 creatures vanquished

Notes
Turn   | Place    | Note
-------+----------+-------------------------------------------
     0 | D:1      | Mattiprrivan the Deep Dwarf Chaos Knight began the quest
                  | for the Orb.
     0 | D:1      | Reached XP level 1. HP: 20/20 MP: 1/1
   107 | D:1      | Reached XP level 2. HP: 25/27 MP: 2/2
   426 | D:1      | Reached XP level 3. HP: 32/33 MP: 3/3
   471 | D:2      | Reached skill level 1 in Stealth
   710 | D:2      | Reached skill level 4 in Axes
   844 | D:2      | Found a white marble altar of Elyvilon.
   848 | D:2      | Found an opulent altar of Gozag.
  1281 | D:3      | Found a faded altar of an unknown god.
  1395 | D:3      | Reached XP level 4. HP: 39/42 MP: 4/4
  1405 | D:3      | Reached skill level 1 in Maces & Flails
  1649 | D:4      | XOM: confuse monster(s)
  1660 | D:4      | Reached XP level 5. HP: 36/49 MP: 5/5
  1694 | D:4      | Reached skill level 1 in Polearms
  1694 | D:4      | Reached skill level 1 in Shields
  1694 | D:4      | Reached skill level 1 in Evocations
  1815 | D:4      | XOM: god gift: 730 gold pieces
  1832 | D:4      | XOM: scenery: summon butterflies
  1904 | D:4      | Noticed a centaur
  1926 | D:4      | Killed a centaur
  1927 | D:4      | Reached skill level 5 in Axes
  1927 | D:4      | Reached XP level 6. HP: 35/56 MP: 5/5
  2001 | D:4      | XOM: cleaving
  2001 | D:4      | Noticed Blork the orc
  2010 | D:4      | XOM: confuse monster(s)
  2018 | D:4      | Killed Blork the orc
  2265 | D:4      | XOM: summons friendly shadow imp
  2269 | D:4      | Reached XP level 7. HP: 61/62 MP: 4/4
  2350 | D:4      | XOM: polymorph shadow imp -> white imp
  2423 | D:5      | Entered Level 5 of the Dungeon
  2444 | D:5      | Found a staircase to the Ecumenical Temple.
  2496 | D:5      | Noticed Menkaure
  2513 | D:5      | XOM: cast spell 'Necromutation'
  2539 | D:5      | Killed Menkaure
  2540 | D:5      | Reached skill level 6 in Axes
  2642 | D:5      | XOM: stat loss: -1 Int (11/12)
  2741 | D:5      | XOM: 11-stop teleportation journey
  2788 | D:5      | XOM: scenery: summon butterflies
  2838 | D:5      | XOM: enchant monster (good)
  2874 | D:5      | Reached XP level 8. HP: 58/72 MP: 5/5
  3043 | D:5      | Reached skill level 1 in Throwing
  3112 | D:6      | Identified a scroll of acquirement
  3112 | D:6      | Acquired 536 gold pieces
  3115 | D:6      | Found a glowing drain.
  3138 | Sewer    | Entered a sewer
  3343 | Sewer    | Reached skill level 7 in Axes
  3502 | Sewer    | XOM: give mutations
  3502 | Sewer    | Gained mutation: You have a pair of small antennae on your
                  | head. [Xom's grace]
  3502 | Sewer    | Gained mutation: Your muscles are strong. (Str +2) [Xom's
                  | grace]
  3559 | D:6      | XOM: 3-stop teleportation journey
  3667 | D:6      | Got a shimmering robe
  3669 | D:6      | XOM: scenery: create altars
  3680 | D:6      | Identified the +1 robe of Lies {Rampage *Corrode Regen+
                  | Int+4} (You found it on level 6 of the Dungeon)
  3682 | D:6      | XOM: give mutation
  3682 | D:6      | Gained mutation: You expend magic power (3 MP) to
                  | strengthen your wands. [Xom's grace]
  3863 | D:6      | Found a runed translucent door.
  3866 | D:6      | Noticed Crazy Yiuf
  3878 | D:6      | Killed Crazy Yiuf
  3993 | D:7      | Noticed a cyclops
  3998 | D:7      | XOM: summons 6 friendly demons
  4000 | D:7      | XOM: scenery: 1 doors open
  4003 | D:7      | XOM: 6-stop teleportation journey
  4036 | D:7      | Found a hazy altar of Hepliaklqana.
  4092 | D:7      | XOM: potion effect (might)
  4093 | D:7      | XOM: cast spell 'Statue Form'
  4189 | D:7      | Found a basalt altar of Yredelemnul.
  4197 | D:7      | Killed a cyclops
  4198 | D:7      | Gained mutation: You passively map the area around you.
                  | [Deep Dwarf growth]
  4198 | D:7      | Reached XP level 9. HP: 78/78 MP: 1/5
  4261 | D:7      | Noticed Maggie
  4273 | D:7      | Killed Maggie
  4274 | D:7      | Reached skill level 5 in Stealth
  4548 | D:7      | Lost mutation: You have a pair of small antennae on your
                  | head. [potion of mutation]
  4548 | D:7      | Lost mutation: Your muscles are strong. (Str +2) [potion of
                  | mutation]
  4548 | D:7      | Lost mutation: You expend magic power (3 MP) to strengthen
                  | your wands. [potion of mutation]
  4548 | D:7      | Gained mutation: You are dopey. (Int -2) [potion of
                  | mutation]
  4548 | D:7      | Gained mutation: You are partially covered in iridescent
                  | scales. (AC +2) [potion of mutation]
  4548 | D:7      | Gained mutation: You have an increased reservoir of magic.
                  | (+10% MP) [potion of mutation]
  4663 | D:7      | Got a transparent chain mail
  4674 | D:7      | Identified the +1 chain mail of the Jackalope {+Blink rN++
                  | Int+4 Dex-3} (You found it on level 7 of the Dungeon)
  4712 | D:7      | Noticed Harold
  4716 | D:7      | XOM: noise
  4722 | D:7      | XOM: cast spell 'Summon Mana Viper'
  4732 | D:7      | Killed Harold
  4996 | D:8      | Reached skill level 8 in Axes
  5035 | D:8      | Noticed a two-headed ogre
  5047 | D:8      | Killed a two-headed ogre
  5048 | D:8      | Reached XP level 10. HP: 81/87 MP: 6/6
  5090 | D:8      | XOM: 1-stop teleportation journey
  5133 | D:8      | Noticed Psyche
  5138 | D:8      | Killed Psyche
  5139 | D:8      | Reached skill level 5 in Armour
  5140 | D:8      | XOM: 6-stop teleportation journey
  5147 | D:8      | Reached skill level 5 in Evocations
  5190 | D:8      | Noticed Erica
  5203 | D:8      | XOM: summons 7 friendly demons
  5212 | D:8      | XOM: noise
  5217 | D:8      | Killed Erica
  5353 | D:8      | Reached skill level 5 in Fighting
  5975 | D:9      | Got a faintly humming leather armour
  5976 | D:9      | Identified the +2 leather armour of Resourcefulness {Int+4
                  | Dex+6 SInv} (You found it on level 9 of the Dungeon)
  6057 | D:9      | XOM: noise
  6066 | D:9      | Reached skill level 9 in Axes
  6072 | D:9      | XOM: enchant monster (bad)
  6073 | D:9      | XOM: summons 4 friendly demons
  6132 | D:9      | Noticed a fire dragon
  6137 | D:9      | Noticed an ice dragon
  6140 | D:9      | Found a runed translucent door.
  6140 | D:9      | Noticed a fire dragon
  6141 | D:9      | Found the +2 shield of Resistance {rF++ rC++ Will++}
  6145 | D:9      | Found a runed translucent door.
  6146 | D:9      | Noticed an ice dragon
  6312 | D:9      | XOM: noise
  6340 | D:9      | Killed from afar by an ice dragon

Illustrated notes

Levels and vault maps discovered:
D:1:      dpeg_arrival_rhombus, layout_basic
D:2:      layout_basic, grunt_temple_overflow_open
D:3:      layout_basic, chequers_ecumenical_altar_simple_redux
D:4:      layout_cave_pods, serial_undead, serial_undead_a, serial_undead_c,
          serial_undead_c, serial_undead_e, serial_undead_c, uniq_blork_the_orc
D:5:      layout_loops_cross, minmay_temple_entry_wispy, uniq_menkaure
D:6:      layout_rooms, portal_sewer_entry_f, uniq_crazy_yiuf_cottage
D:7:      layout_loops_corners, kennysheep_mini, nicolae_overflow_crystal_walls,
          kennysheep_nub, uniq_maggie, uniq_harold
D:8:      layout_loops_corners, enter_bailey_7, uniq_psyche, uniq_erica
D:9:      layout_loops_corners, grunt_temple_overflow_lords_of_destruction,
          serial_glass, glass_columns_a, glass_columns_b,
          small_chamber_with_monster, minmay_guarded_unrand_resistance

Skill      XL: |  1  2  3  4  5  6  7  8  9 10 |
---------------+-------------------------------+-----
Stealth        | 1 2 3 4 6 8 |  8.0
Fighting       | 3 4 5 |  5.1
Axes           | 4 5 6 7 8 9 |  9.2
Maces & Flails | 1 2 3 4 |  4.7
Polearms       | 1 2 3 4 |  4.0
Dodging        | 2 3 4 |  4.8
Shields        | 1 2 3 4 |  4.6
Evocations     | 1 2 4 5 |  5.6
Armour         | 3 4 5 |  5.6
Throwing       | 2 3 4 |  4.1

Action                   |  1- 3 |  4- 6 |  7- 9 | 10-12 || total
-------------------------+-------+-------+-------+-------++-------
Melee: Hand axe          |   110 |   127 |   274 |   244 ||   755
Throw: Boomerang         |       |       |    58 |    21 ||    79
       Dart              |       |       |       |     7 ||     7
       Throwing net      |       |       |       |     1 ||     1
 Abil: Heal Wounds       |       |     6 |    12 |     8 ||    26
Evoke: Wand              |       |     2 |    16 |     3 ||    21
  Use: Potion            |    10 |     1 |     6 |     4 ||    21
       Scroll            |     8 |     3 |    11 |     1 ||    23
 Stab: Petrifying        |     1 |     1 |     1 |     1 ||     4
       Sleeping          |     3 |       |     9 |     3 ||    15
       Confused          |     1 |     2 |     1 |       ||     4
       Distracted        |       |     1 |       |     1 ||     2
       Paralysed         |       |       |    25 |    15 ||    40
       Invisible         |       |       |     1 |       ||     1
Armor: Leather armour    |    45 |    44 |    50 |    26 ||   165
       Skin              |       |       |     2 |       ||     2
       Chain mail        |       |       |    38 |    47 ||    85
Dodge: Dodged            |    58 |    64 |   104 |    80 ||   306
Block: Buckler           |     1 |    26 |    62 |    49 ||   138
